 Dungeon Sprint DCSS version 0.26-a0-1181-gd376ed14c5 (webtiles) character file.

Game seed: 7884220462544659831

8089 sahdkjhfkaj the Scorcher (level 11, -8/74 HPs)
             Began as a White Draconian Fire Elementalist on Dec 26, 2020.
             Was the Champion of Makhleb.
             Killed from afar by a necromancer (11 damage)
             ... with a bolt of cold
             ... in the Dungeon (Sprint V: "Ziggurat Sprint").
             The game lasted 00:05:00 (942 turns).

sahdkjhfkaj the Scorcher (DrFE)                      Turns: 942, Time: 00:05:01

Health: -8/74      AC: 10    Str: 11    XL:     11   Next: 5%
Magic:  1/25       EV: 12    Int: 30    God:    Makhleb [******]
Gold:   0          SH:  0    Dex: 15    Spells: 10/30 levels left

rFire    . . .     SeeInvis .   C - +7 Screaming Sword {vorpal, sonic wave}
rCold    + . .     Faith    .   (no shield)
rNeg     . . .     Spirit   .   (armour unavailable)
rPois    .         Reflect  .   (helmet restricted)
rElec    .         Harm     .   D - +2 cloak "Vyda" {Dex+3 Stlth+}
rCorr    .         Rampage  .   (no gloves)
Will     .....     NoTele   +   (no boots)
Stlth    +.........             (no amulet)
HPRegen  0.22/turn              v - +6 ring of intelligence
MPRegen  0.19/turn              u - +6 ring of intelligence

@: contaminated, glowing
A: breathe frost, unfitting armour, cold resistance 1, cold-blooded, AC +7
a: Breathe Frost, Renounce Religion, Minor Destruction, Lesser Servant of
Makhleb, Major Destruction, Greater Servant of Makhleb


You were in the Dungeon.
You worshipped Makhleb.
Makhleb was exalted by your worship.
You visited 1 branch

Inventory:

Hand Weapons
 C - the +7 Screaming Sword (weapon) {vorpal, sonic wave}
   (You found it in the Dungeon)

   It inflicts extra damage upon your enemies.
Armour
 D - the +2 cloak "Vyda" (worn) {Dex+3 Stlth+}
   (You found it in the Dungeon)

   It affects your dexterity (+3).
   It makes you more stealthy.
Jewellery
 r - an uncursed ring of flight
 s - a +6 ring of dexterity
 t - a +6 ring of dexterity
 u - a +6 ring of intelligence (right hand)
 v - a +6 ring of intelligence (left hand)
 w - a +6 ring of strength
 x - a +6 ring of strength
Wands
 y - a wand of disintegration (7)
 z - a wand of iceblast (7)
 A - a wand of acid (7)
Scrolls
 f - 5 scrolls of identify
 g - 4 scrolls of blinking
 l - 4 scrolls of amnesia
 m - 7 scrolls of fog
 n - a scroll of holy word
 p - 5 scrolls of remove curse
 q - 2 scrolls of fear
Potions
 a - 2 potions of brilliance
 b - 10 potions of curing
 c - 7 potions of heal wounds
 d - 9 potions of haste
 e - 5 potions of magic
 h - a potion of invisibility
 i - 3 potions of resistance
 j - a potion of experience
 k - 4 potions of might
 o - 2 potions of berserk rage
Miscellaneous
 B - a lightning rod (4/4)


   Skills:
 - Level 1.7 Dodging
 - Level 1.7 Stealth
 - Level 10.0 Spellcasting
 - Level 15.0 Conjurations
 + Level 15.9 Fire Magic


You had 10 spell levels left.
You knew the following spells:

 Your Spells              Type           Power        Failure   Level
a - Foxfire               Conj/Fire      100%         0%          1
f - Fireball              Conj/Fire      41%          1%          5
A - Starburst             Conj/Fire      41%          1%          6
I - Ignition              Fire           42%          32%         8

Your spell library contained the following spells:

 Spells                   Type           Power        Failure   Level
 Conjure Flame            Conj/Fire      82%          1%          3
 Dazzling Flash           Conj/Hex       100%         1%          3
 Ignite Poison            Fire/Tmut/Pois 46%          1%          3
 Inner Flame              Hex/Fire       58%          1%          3
 Mephitic Cloud           Conj/Pois/Air  45%          1%          3
 Fulminant Prism          Conj/Hex       28%          1%          4
 Sticky Flame             Conj/Fire      82%          1%          4
 Apportation              Tloc           30%          3%          1
 Sting                    Tmut/Pois      60%          3%          1
 Ensorcelled Hibernation  Hex/Ice        30%          5%          2
 Poisonous Vapours        Pois/Air       30%          5%          2
 Confusing Touch          Hex            15%          11%         3
 Gell's Gravitas          Tloc           7%           11%         3
 Lesser Beckoning         Tloc           7%           11%         3
 Summon Guardian Golem    Hex/Summ       15%          11%         3
 Tukima's Dance           Hex            15%          11%         3
 Iron Shot                Conj/Erth      28%          24%         6
 Animate Dead             Necr           7%           34%         4
 Olgreb's Toxic Radiance  Pois           15%          34%         4
 Petrify                  Tmut/Erth      15%          34%         4
 Alistair's Intoxication  Tmut/Pois      10%          67%         5
 Borgnjor's Vile Clutch   Necr/Erth      7%           67%         5
 Metabolic Englaciation   Hex/Ice        7%           67%         5
 Silence                  Hex/Air        7%           67%         5
 Yara's Violent Unravell  Hex/Tmut       7%           67%         5
 Death Channel            Necr           7%           99%         6
 Invisibility             Hex            15%          99%         6
 Shadow Creatures         Summ           N/A          99%         6
 Simulacrum               Ice/Necr       7%           99%         6
 Statue Form              Tmut/Erth      10%          99%         6
 Disjunction              Tloc           7%           100%        8


Dungeon Overview and Level Annotations

Branches:
Dungeon (1/1)

Altars:
Ashenzari
Cheibriados
Dithmenos
Elyvilon
Fedhas
Gozag
Hepliaklqana
Kikubaaqudgha
Makhleb
Nemelex Xobeh
Okawaru
Qazlal
Ru
Sif Muna
Trog
Uskayaw
Vehumet
Wu Jian
Xom
Yredelemnul
Zin
The Shining One
Beogh
Jiyva
Lugonu


Innate Abilities, Weirdness & Mutations

You can breathe waves of freezing cold.
You can buffet flying creatures when you breathe cold.
Your icy white scales are hard. (AC +7)
You cannot fit into any form of body armour.
Your flesh is cold resistant. (rC+)
You are cold-blooded and may be slowed by cold attacks.


Message History

Press: ? - help, Dir - look around, f - activate You miscast Ignition.
You are contaminated with residual magic.
Sparks fly from your hands!!
* * * LOW HITPOINT WARNING * * *
The bat skeleton misses you.
You riposte.
You closely miss the bat skeleton.
The bat skeleton is almost destroyed.
The bat skeleton hits you but does no damage.
The vampire knight casts a spell at itself.
The vampire knight flickers and vanishes!
The adder zombie closely misses you.
You riposte.
You barely miss the adder zombie. The necromancer casts a spell at you.
The bolt of cold hits something.
The bolt of cold hits the bat skeleton.
The bat skeleton resists.
The bat skeleton is destroyed!
The bolt of cold hits you! You resist.
You die...

▓...8©8...▓
▓..=:}=:..▓..[)}....▓
▓..[|=)}..▓...)}})..▓
▓..{pz{.W.▓.........▓
▓.....z...▓.........▓
▓....V....▓.........▓
▓.........▓.........▓
▓...Z.....▓.▓.....▓.▓
▓....@....▓....©....▓
▓....©....▓▓▓▓▓▓▓▓▓▓▓
▓▓▓▓▓▓▓▓▓▓▓


You could see a vampire knight, a necromancer, a shadow, 2 wights and an adder
zombie.

Vanquished Creatures
  A vault guard (D)
  A deep elf knight (D)
  A wizard (D)
  A necromancer (D)
  A wolf spider (D)
  A shining eye (D)
  4 toenail golems (D)
  3 eyes of devastation (D)
  2 guardian mummies (D)
  A jumping spider (D)
  A slime creature (D)
  2 spriggans (D)
  2 yaks (D)
  A golden eye (D)
  2 hell hounds (D)
  3 floating eyes (D)
  2 black bears (D)
  3 wolves (D)
  A boggart (D)
  4 scorpions (D)
  A crimson imp (D)
  4 jellies (D)
  A mummy (D)
  A white imp (D)
  4 oozes (D)
  An adder simulacrum (D)
  A bat zombie (D)
  2 leopard gecko skeletons (D)
  A quokka skeleton (D)
  A quokka zombie (D)
54 creatures vanquished.

Vanquished Creatures (others)
  A bat skeleton (D)
1 creature vanquished.

Grand Total: 55 creatures vanquished

Notes
Turn   | Place    | Note
-------+----------+-------------------------------------------
     0 | D        | sahdkjhfkaj the Draconian Fire Elementalist began the quest
                  | for the Orb.
     0 | D        | Reached XP level 1. HP: 14/14 MP: 3/3
     0 | D        | Found a shimmering blue altar of Sif Muna.
     0 | D        | Found a sacrificial altar of Ru.
     0 | D        | Found a bloodstained altar of Trog.
     0 | D        | Found a stormy altar of Qazlal.
     0 | D        | Found an iron altar of Okawaru.
     0 | D        | Found a sparkling altar of Nemelex Xobeh.
     0 | D        | Found a blossoming altar of Fedhas.
     1 | D        | Found the +6 Majin-Bo {vamp, MP+6 Int+6}
     1 | D        | Found the +9 heavy crossbow "Sniper" {vorpal, Acc+∞ SInv}
     1 | D        | Found the +10 dark maul {vorpal}
     1 | D        | Found the +15 Maxwell's patent armour {-Cast -Tele rElec
                  | Will+ rCorr}
     1 | D        | Found the +18 shield of the Gong {rElec rN+ Will+ EV-5}
     1 | D        | Found the cursed +14 obsidian axe {vorpal, +Fly SInv
                  | *Curse}
     1 | D        | Found the +7 great mace "Firestarter" {inner flame, rF++}
     1 | D        | Found the +6 shillelagh "Devastator" {shatter}
     1 | D        | Found the +11 plutonium sword {*Contam Stlth-}
     1 | D        | Found the +8 lance "Wyrmbane" {slay drac, rPois rF+ rC+
                  | AC+3}
     1 | D        | Found the +9 sword of Zonguldrok {reap}
     1 | D        | Found the cursed +13 scythe of Curses {drain, *Curse}
     1 | D        | Found the +5 sword of Power {vorpal}
     1 | D        | Found the +7 mace of Variability {chain chaos}
     1 | D        | Found the +7 Singing Sword {vorpal, sonic wave}
     1 | D        | Found the +8 storm bow {elec, penet}
     2 | D        | Found a transporter.
     2 | D        | Found an ancient bone altar of Kikubaaqudgha.
     2 | D        | Found a viscous altar of Jiyva.
     2 | D        | Found a corrupted altar of Lugonu.
     2 | D        | Found a hazy altar of Hepliaklqana.
     2 | D        | Found a burning altar of Makhleb.
     2 | D        | Found an opulent altar of Gozag.
    49 | D        | Became a worshipper of Makhleb the Destroyer
    62 | D        | Entered arena 2.
    62 | D        | Noticed a yak
    62 | D        | Noticed a yak
    62 | D        | Found a transporter.
    66 | D        | Killed a yak
    67 | D        | Reached XP level 2. HP: 20/20 MP: 4/7
    67 | D        | Reached XP level 3. HP: 26/26 MP: 4/8
    67 | D        | Reached XP level 4. HP: 33/33 MP: 5/10
    67 | D        | Reached XP level 5. HP: 38/38 MP: 5/11
    67 | D        | Killed a yak
    68 | D        | Reached skill level 5 in Spellcasting
    68 | D        | Reached XP level 6. HP: 45/45 MP: 5/14
    69 | D        | Got the Almanac of Dislocated Confrontation
    72 | D        | Entered arena 3.
    72 | D        | Noticed a spriggan
    72 | D        | Noticed a spriggan
    72 | D        | Found a transporter.
    73 | D        | Identified the +7 quick blade "Wemaaz" {antimagic, rPois
                  | Dex-4 SInv}
    75 | D        | Reached * piety under Makhleb
    75 | D        | Killed a spriggan
    76 | D        | Your scales start taking on an icy white colour.
    76 | D        | Reached XP level 7. HP: 50/50 MP: 5/16
    76 | D        | Gained mutation: Your flesh is cold resistant. (rC+) [White
                  | Draconian growth]
    76 | D        | Killed a spriggan
    77 | D        | Reached skill level 10 in Conjurations
    81 | D        | Entered arena 4.
    81 | D        | Noticed a toenail golem
    81 | D        | Noticed a toenail golem
    81 | D        | Noticed a toenail golem
    81 | D        | Noticed a toenail golem
    81 | D        | Found a transporter.
    85 | D        | Killed a toenail golem
    85 | D        | Reached ** piety under Makhleb
    86 | D        | Reached XP level 8. HP: 57/57 MP: 7/19
    86 | D        | Killed a toenail golem
    87 | D        | Reached skill level 10 in Fire Magic
    89 | D        | Killed a toenail golem
    93 | D        | Killed a toenail golem
    94 | D        | Reached XP level 9. HP: 50/62 MP: 8/21
    98 | D        | Entered arena 5.
    98 | D        | Found a transporter.
   103 | D        | Reached *** piety under Makhleb
   253 | D        | Learned a level 6 spell: Starburst
   259 | D        | Learned a level 5 spell: Fireball
   259 | D        | Entered arena 6.
   259 | D        | Noticed a jumping spider
   259 | D        | Found a transporter.
   260 | D        | Reached **** piety under Makhleb
   261 | D        | Killed a jumping spider
   262 | D        | Reached ***** piety under Makhleb
   354 | D        | Got Enainun's Catalogue of the Ashen Entourage
   356 | D        | Entered arena 7.
   356 | D        | Noticed a wolf spider
   356 | D        | Noticed a deep elf knight
   356 | D        | Noticed a vault guard
   356 | D        | Noticed a necromancer
   356 | D        | Noticed a wizard
   358 | D        | Killed a wizard
   358 | D        | Killed a necromancer
   359 | D        | Killed a deep elf knight
   360 | D        | Reached skill level 10 in Spellcasting
   360 | D        | Reached XP level 10. HP: 63/69 MP: 7/24
   362 | D        | Killed a vault guard
   362 | D        | Killed a wolf spider
   363 | D        | Reached skill level 15 in Conjurations
   385 | D        | Found a transporter.
   395 | D        | Got the +2 cloak "Vyda" {Dex+3 Stlth+}
   413 | D        | Learned a level 8 spell: Ignition
   413 | D        | Entered arena 8.
   414 | D        | Found a transporter.
   416 | D        | Reached ****** piety under Makhleb
   520 | D        | Entered arena 9.
   521 | D        | Found a transporter.
   591 | D        | Got the amulet of Brawling {RegenMP *Slow rPois rF+++ rN+
                  | Dex-5}
   595 | D        | Entered arena 10.
   676 | D        | Found a transporter.
   684 | D        | Entered arena 11.
   684 | D        | Noticed an eye of devastation
   684 | D        | Noticed an eye of devastation
   684 | D        | Noticed an eye of devastation
   684 | D        | Noticed a shining eye
   687 | D        | Killed a shining eye
   688 | D        | Reached skill level 15 in Fire Magic
   693 | D        | Killed an eye of devastation
   695 | D        | Killed an eye of devastation
   696 | D        | Reached XP level 11. HP: 64/74 MP: 0/25
   826 | D        | Found a transporter.
   933 | D        | Got Sif Muna's Guide on Blistering Clay
   938 | D        | Entered arena 12.
   938 | D        | Noticed a vampire knight
   939 | D        | Noticed a necromancer
   939 | D        | Noticed a vampire knight
   942 | D        | HP: 2/74 [something (24)]
   942 | D        | Killed from afar by a necromancer

Illustrated notes

Levels and vault maps discovered:
D:        sprint_v [room_start, room_1, room_2, room_3, room_4, room_5, room_6,
          room_7, room_8, room_9, room_10, room_11, room_12, room_13, room_14,
          room_15, room_16, room_17, room_18, room_19, room_20, room_21,
          room_22, room_23, room_24, room_25, room_26, room_27]

Skill      XL: |  1  2  3  4  5  6  7  8  9 10 |
---------------+-------------------------------+-----
Conjurations   | 6 8 9 11 12 14 15 | 15.0
Spellcasting   | 4 5 6 7 8 10 | 10.0
Fire Magic     | 6 8 8 9 11 12 15 | 15.9
Dodging        | |  1.7
Stealth        | |  1.7

Action                   |  1- 3 |  4- 6 |  7- 9 | 10-12 || total
-------------------------+-------+-------+-------+-------++-------
Melee: Double sword      |     2 |     2 |    16 |     8 ||    28
       Tailslap          |       |       |     2 |     1 ||     3
 Cast: Fireball          |       |       |     6 |    19 ||    25
  Use: Potion            |     4 |       |     2 |     4 ||    10
 Stab: Sleeping          |     1 |       |       |       ||     1
       Invisible         |       |       |     1 |       ||     1
Armor: Skin              |       |       |    10 |     4 ||    14
Dodge: Dodged            |     3 |     2 |    23 |    11 ||    39
       Rpst.: Double sword |     1 |     1 |     9 |     4 ||    15

Table legend: (Time is in decaauts)
 A = Elapsed time spent in this place.
 B = Non-inter-level travel time spent in this place.
 C = Inter-level travel time spent in this place.
 D = Time resting spent in this place.
 E = Time spent auto-exploring this place.
 F = Levels seen in this place.
 G = Mean time per level.
                   A        B        C        D        E       F      G
               +--------+--------+--------+--------+--------+-----+--------+
         Total |    945 |    945 |      0 |    689 |     21 |   1 |  945.0 |
       Dungeon |    945 |    945 |      0 |    689 |     21 |   1 |  945.0 |
               +--------+--------+--------+--------+--------+-----+--------+

Top non-repeatable levels by time:
       D: 945 daAuts
